 Dungeon Crawl Stone Soup version 0.20.1-1-g8b1a95d (webtiles) character file.

529 Taban the Chopper (level 7, -2/52 HPs)
             Began as a Demonspawn Gladiator on Nov 24, 2017.
             Slain by a killer bee (8 damage)
             ... on level 5 of the Dungeon.
             The game lasted 00:28:58 (4105 turns).

Taban the Chopper (Demonspawn Gladiator)            Turns: 4105, Time: 00:29:01

Health: -2/52      AC: 12    Str: 13 (15) XL:     7   Next: 3%
Magic:  7/7        EV: 19    Int:  9      God:    Xom [..*...]
Gold:   244        SH:  0    Dex: 21      Spells: 6/6 levels left

rFire    + + .     SeeInvis .   a - +0 war axe
rCold    + . .     Gourm    .   (no shield)
rNeg     + . .     Faith    .   z - +3 leather armour {rF+}
rPois    .         Spirit   .   (helmet restricted)
rElec    .         Reflect  .   x - +0 cloak
rCorr    .         Harm     .   k - +2 pair of gloves
MR       .....                  (no boots)
Stlth    +++.......             (no amulet)
Regen    0.2/turn               w - ring of positive energy
MPRegen  0.1/turn               A - ring of flight

@: agile, flying
A: hooves 1, horns 1, icy blue scales 1, cold resistance 1, demonic guardian 1,
fire resistance 1, powered by death 1
a: Renounce Religion


You were on level 5 of the Dungeon.
You worshipped Xom.
You were a toy of Xom.
You were near starving.

You visited 1 branch of the dungeon, and saw 5 of its levels.

You collected 244 gold pieces.

Inventory:

Hand Weapons
 a - a +0 war axe (weapon)
 q - a +0 dagger of venom
 t - a +0 hunting sling
Missiles
 d - 2 throwing nets (quivered)
 p - 2 javelins
Armour
 b - a +0 leather armour
 c - a +0 helmet
 k - a +2 pair of gloves (worn)
 m - a +0 leather armour
 o - a +0 ring mail
 x - a +0 cloak (worn)
 z - a +3 leather armour of fire resistance (worn)
Jewellery
 w - a ring of positive energy (left hand)
 A - a ring of flight (right hand)
Wands
 y - a wand of lightning (5/15)
Scrolls
 g - 3 scrolls of remove curse
 l - a scroll of teleportation
 n - a scroll of identify
 B - 2 scrolls of random uselessness {unknown}
 D - a scroll of magic mapping
Potions
 j - a potion of might
 s - a potion of degeneration
 u - 2 potions of curing
 v - a potion of brilliance {unknown}
Comestibles
 f - 4 bread rations
 h - 4 fruits
 i - 2 meat rations
 C - a royal jelly


   Skills:
 + Level 3.4 Fighting
 + Level 5.5 Axes
 + Level 2.0 Throwing
 + Level 2.4 Armour
 + Level 3.6 Dodging
 + Level 0.8 Stealth


You had 6 spell levels left.
You didn't know any spells.

Dungeon Overview and Level Annotations

Branches:
Dungeon (5/15)
 Temple: D:4-7

Altars:
Ashenzari
Dithmenos
Hepliaklqana
Kikubaaqudgha
Vehumet
Xom
Yredelemnul

Annotations:
D:5 Menkaure


Innate Abilities, Weirdness & Mutations

You have a pair of small horns on your head.
You are partially covered in icy blue scales. (AC +2)
A weak demonic guardian rushes to your aid.
You regenerate a little health from kills.
You have large cloven feet.
Your flesh is cold resistant. (rC+)
Your flesh is heat resistant. (rF+)


Message History

Really fire in your ice beast's direction?
Uppercase [Y]es or [N]o only, please.
Really fire in your ice beast's direction?
You throw a throwing net. The throwing net hits your ice beast.
Your ice beast is caught in the net!
The ice beast is heavily wounded.
Xom notices you.
Your body is twisted painfully.
* * * LOW HITPOINT WARNING * * *
The ice beast struggles against the net.
The ice beast struggles against the net. x2
The ball python hisses angrily.
The ice beast struggles against the net.
Menkaure shouts!
You hit the killer bee but do no damage.
You kick the killer bee. You headbutt the killer bee.
The killer bee is moderately wounded.
The killer bee closely misses you. The killer bee stings you!
You die...
Xom titters!

###############
.....$....@...Yyy#
.#.....##...y####.#
..$...##.##._##..#
#######.......<###...y##
......#.....###.....S.###
..................M##...#
......................††.y....
...<.5.M..####.....######..__$
..#...###.# #....### ....


You could see an ice beast (caught), Menkaure, 3 killer bees and a ball python.

Vanquished Creatures
  An ogre (D:4)
  A scorpion (D:4)
  A killer bee (D:5)
  Natasha (thrice) (D:3)
  2 worker ants (D:4)
  Robin (D:3)
  7 adders
  An ooze (D:1)
  5 worms
  A dart slug (D:1)
  3 leopard geckos
  3 orcs
  2 ball pythons
  4 giant cockroaches
  15 goblins
  11 hobgoblins
  9 jackals
  6 kobolds
  2 quokkas (D:3)
  8 bats
  4 frilled lizards
  A quokka skeleton (D:4)
  10 rats
101 creatures vanquished.

Vanquished Creatures (collateral kills)
  An ogre (D:4)
  A killer bee (D:5)
2 creatures vanquished.

Vanquished Creatures (others)
  A goblin (D:3)
1 creature vanquished.

Grand Total: 104 creatures vanquished

Notes
Turn   | Place    | Note
-------+----------+-------------------------------------------
     0 | D:1      | Taban the Demonspawn Gladiator began the quest for the Orb.
     0 | D:1      | Reached XP level 1. HP: 16/16 MP: 1/1
   148 | D:1      | Gained mutation: You regenerate a little health from kills. [demonic ancestry]
   148 | D:1      | Reached XP level 2. HP: 22/22 MP: 2/2
   319 | D:1      | Reached skill level 3 in Axes
   560 | D:1      | Reached XP level 3. HP: 27/27 MP: 3/3
  1040 | D:2      | Found a hazy altar of Hepliaklqana.
  1217 | D:2      | Found a radiant altar of Vehumet.
  1221 | D:2      | Found a shattered altar of Ashenzari.
  1238 | D:2      | Gained mutation: You have a pair of small horns on your head. [demonic ancestry]
  1238 | D:2      | Reached XP level 4. HP: 27/34 MP: 4/4
  1480 | D:2      | Reached skill level 1 in Armour
  1558 | D:2      | Found a basalt altar of Yredelemnul.
  1696 | D:3      | Noticed Natasha
  1712 | D:3      | Killed Natasha
  1712 | D:3      | Reached skill level 4 in Axes
  1712 | D:3      | Gained mutation: You are partially covered in icy blue scales. (AC +2) [demonic ancestry]
  1712 | D:3      | Reached XP level 5. HP: 37/39 MP: 5/5
  1730 | D:3      | Noticed Natasha
  1747 | D:3      | Killed Natasha
  1921 | D:3      | Noticed Natasha
  1929 | D:3      | Killed Natasha
  2410 | D:3      | Noticed Robin
  2470 | D:3      | Killed Robin
  2835 | D:4      | Gained mutation: A weak demonic guardian rushes to your aid. [demonic ancestry]
  2835 | D:4      | Reached XP level 6. HP: 42/46 MP: 6/6
  2897 | D:4      | Found an ancient bone altar of Kikubaaqudgha.
  2987 | D:4      | Gained mutation: You are agile. (Dex +2) [potion of mutation]
  2987 | D:4      | Gained mutation: You are resistant to hostile enchantments. (MR+) [potion of mutation]
  2987 | D:4      | Gained mutation: You are very agile. (Dex +4) [potion of mutation]
  3098 | D:4      | Reached skill level 5 in Axes
  3444 | D:4      | Found a shimmering altar of Xom.
  3578 | D:4      | Became a worshipper of Xom of Chaos
  3580 | D:4      | Lost mutation: You are resistant to hostile enchantments. (MR+) [potion of mutation]
  3580 | D:4      | Lost mutation: You are very agile. (Dex +4) [potion of mutation]
  3580 | D:4      | Lost mutation: You are agile. (Dex +2) [potion of mutation]
  3580 | D:4      | Gained mutation: You are weak. (Str -2) [potion of mutation]
  3580 | D:4      | Gained mutation: You are resistant to electric shocks. (rElec) [potion of mutation]
  3582 | D:4      | Lost mutation: You are resistant to electric shocks. (rElec) [potion of mutation]
  3582 | D:4      | Lost mutation: You are weak. (Str -2) [potion of mutation]
  3582 | D:4      | Gained mutation: You have large cloven feet. [potion of mutation]
  3582 | D:4      | Gained mutation: Your flesh is cold resistant. (rC+) [potion of mutation]
  3582 | D:4      | Gained mutation: Your flesh is heat resistant. (rF+) [potion of mutation]
  3651 | D:4      | XOM: divination: detect creatures
  3781 | D:4      | XOM: god gift: scroll labeled ZIORCH WOYFO {god gift}
  3890 | D:4      | Found a shadowy altar of Dithmenos.
  4030 | D:5      | Entered Level 5 of the Dungeon
  4041 | D:5      | Noticed Menkaure
  4087 | D:5      | XOM: scenery: create altars
  4092 | D:5      | Reached XP level 7. HP: 10/52 MP: 7/7
  4098 | D:5      | XOM: cast spell 'Summon Ice Beast'
  4102 | D:5      | XOM: mild Tmut miscast
  4105 | D:5      | Slain by a killer bee

Skill      XL: |  1  2  3  4  5  6 |
---------------+-------------------+-----
Dodging        | 3 |  3.6
Axes           | 3 4 5 |  5.5
Armour         | 1 2 |  2.4
Throwing       | 2 |  2.0
Fighting       | 3 |  3.4
Stealth        | |  0.8

Action                   |  1- 3 |  4- 6 |  7- 9 || total
-------------------------+-------+-------+-------++-------
Melee: War axe           |   124 |   195 |     1 ||   320
       Headbutt          |       |    30 |     1 ||    31
       Kick              |       |     7 |     1 ||     8
Throw: Throwing net      |       |     3 |     1 ||     4
  Use: Scroll            |       |    10 |       ||    10
       Potion            |       |     7 |     2 ||     9
 Stab: Sleeping          |       |     2 |       ||     2
  Eat: Chunk             |     1 |     8 |       ||     9
Armor: Leather armour    |    43 |    61 |     1 ||   105
Dodge: Dodged            |   103 |   171 |     9 ||   283
